 Dungeon Crawl Stone Soup version 0.28-a0-1152-g9c71ebef14 (webtiles) character file.

Game seed: 8720434664375405807

29 spaghetti the Sneak (level 3, -3/30 HPs)
             Began as a Demonspawn Delver on Dec 14, 2021.
             Slain by an ogre (30 damage)
             ... on level 5 of the Dungeon.
             The game lasted 00:00:15 (300 turns).

spaghetti the Sneak (Demonspawn Delver)              Turns: 300, Time: 00:00:16

Health: -3/30      AC:  3    Str: 14    XL:     3   Next: 1%
Magic:  3/3        EV: 11    Int: 11    God:
Gold:   0          SH:  0    Dex: 14    Spells: 2/2 levels left

rFire   . . .      SeeInvis .   a - +0 falchion {long}
rCold   . . .      Faith    .   (no shield)
rNeg    . . .      Spirit   .   b - +0 leather armour
rPois   .          Reflect  .   (no helmet)
rElec   .          Harm     .   (no cloak)
rCorr   .          Rampage  .   (no gloves)
Will    .....                   (no boots)
Stlth   ++........              (no amulet)
HPRegen 0.10/turn               (no ring)
MPRegen 0.08/turn               (no ring)

@: no status effects
A: spiny 1
a: no special abilities


You were on level 5 of the Dungeon.
You visited 1 branch of the dungeon, and saw 1 of its levels.


Innate Abilities, Weirdness & Mutations

You are partially covered in sharp spines.


   Skills:
 + Level 4.2 Fighting
 - Level 1.7 Long Blades
 - Level 1.7 Dodging
 - Level 4.5 Stealth


You had 2 spell levels left.
You didn't know any spells.
Your spell library was empty.

Inventory:

Hand Weapons
 a - a +0 falchion (weapon) {long}
Missiles
 h - 11 bolts
Armour
 b - a +0 leather armour (worn)
Wands
 g - a wand of digging (3)
Scrolls
 c - a scroll of fog
 d - a scroll of magic mapping {!r}
 e - a scroll of fear
Potions
 f - a potion of haste {@q3}

Dungeon Overview and Level Annotations

Branches:
Dungeon (5/15)
 Temple: D:4-7

Altars:

#.)#.#
#.##....##.###.##.
#..#
###.##........#.##
...# .........##.#.##
#.## #.#...#.##.#.#
#.# #..........#.#
#.# ###...####.#..
.#### ##.## #....
......####.#####.####
#ZO@.........#
######.#####.# #...
..# #....# ## ####.#
.# #


You could see an ogre and an adder zombie.


Message History

Found a stone staircase leading up.
There is a stone staircase leading up here.
A centaur zombie comes into view.
The helpless centaur zombie fails to defend itself.
You slash the centaur zombie!
The centaur zombie completely misses you.
The centaur zombie kicks you. 😕 HP[-2]
You take 2 damage, and now have 16/18 hp.
You hit the centaur zombie. The centaur zombie closely misses you.
The centaur zombie kicks you. The centaur zombie barely misses you.
The centaur zombie closely misses you. 😕 HP[-2]
You take 2 damage, and now have 14/18 hp.
You hit the centaur zombie. The centaur zombie hits you.
The centaur zombie misses you. 😮 HP[-1]
You take 1 damage, and now have 13/18 hp.
You are too injured to fight recklessly!
You are too injured to fight recklessly!
You are too injured to fight recklessly!
You are too injured to fight recklessly!
You are too injured to fight recklessly!
You are too injured to fight recklessly!
You are too injured to fight recklessly!
You are too injured to fight recklessly!
You are too injured to fight recklessly!
You are too injured to fight recklessly!
You are too injured to fight recklessly!
You are too injured to fight recklessly!
You are too injured to fight recklessly!
You hit the centaur zombie. The centaur zombie barely misses you.
The centaur zombie kicks you but does no damage.
The centaur zombie hits you but does no damage.
The centaur zombie barely misses you.
You slash the centaur zombie!
The centaur zombie hits you but does no damage.
The centaur zombie kicks you. 😮 HP[-2]
You take 2 damage, and now have 11/18 hp.
You hit the centaur zombie but do no damage.
The centaur zombie hits you. The centaur zombie misses you.
The centaur zombie hits you.
* * * LOW HITPOINT WARNING * * *
The centaur zombie closely misses you. 😨 HP[-2]
You take 2 damage, and now have 9/18 hp.
You hit the centaur zombie but do no damage.
The centaur zombie closely misses you.
The centaur zombie kicks you but does no damage.
Unknown command.
You hit the centaur zombie but do no damage.
The centaur zombie closely misses you.
The centaur zombie kicks you but does no damage.
The centaur zombie barely misses you. x2
You hit the centaur zombie. The centaur zombie barely misses you.
The centaur zombie kicks you but does no damage.
The centaur zombie barely misses you. The centaur zombie kicks you.
* * * LOW HITPOINT WARNING * * *
😨 HP[-2]
You take 2 damage, and now have 7/18 hp.
Unknown command.
You hit the centaur zombie. The centaur zombie barely misses you.
The centaur zombie kicks you.
* * * LOW HITPOINT WARNING * * *
😨 HP[-2]
You take 2 damage, and now have 5/18 hp.
Unknown command.
You hit the centaur zombie.
You destroy the centaur zombie!
Your Fighting skill increases to level 4!
You have reached level 2!
Your demonic ancestry asserts itself...
Sharp spines emerge from parts of your body.
You have reached level 3!
Your experience leads to an increase in your attributes!
Increase (S)trength, (I)ntelligence, or (D)exterity?
You feel stronger. x2 😨 HP[+4] MP[+2]
You now have 30 max hp (+12).
You regained 4 hp, and now have 9/30 hp.
Your mp is fully restored (3).
h - 11 bolts An adder zombie comes into view. 😎 HP[+21]
Your hp is fully restored (30).
An ogre comes into view. It is wielding a +0 giant spiked club.
The ogre shouts!
The adder zombie bites you. 😕 HP[-3]
You take 3 damage, and now have 27/30 hp.
You slash the adder zombie! The adder zombie barely misses you.
You hit the adder zombie.
The adder zombie is struck by your spines.
The adder zombie bites you but does no damage.
You closely miss the adder zombie. You hit the ogre.
The ogre is struck by your spines.
The ogre hits you with a +0 giant spiked club!!
Ouch! That really hurt!
You die...

Skill      XL: |  1 |
---------------+----+-----
Fighting       | 4 |  4.2
Long Blades    | |  1.7
Dodging        | |  1.7
Stealth        | |  4.5

Action                   || total
-------------------------++-------
Melee: Falchion          ||    15
 Stab: Sleeping          ||     1
Armor: Leather armour    ||     7
Dodge: Dodged            ||    17

Levels and vault maps discovered:
D:5:      layout_loops_ring, mainiacjoe_overflow_alcove_1, old_standard_altar

Notes
Turn   | Place    | Note
-------+----------+-------------------------------------------
     0 | D:5      | spaghetti the Demonspawn Delver began the quest for the
                  | Orb.
     0 | D:5      | Reached XP level 1. HP: 18/18 MP: 1/1
     0 | D:5      | magus.rc [v1.9.6]
    62 | D:5      | Reached skill level 4 in Fighting
    62 | D:5      | Gained mutation: You are partially covered in sharp spines.
                  | [demonic ancestry]
    62 | D:5      | Reached XP level 2. HP: 8/25 MP: 2/2
    62 | D:5      | Reached XP level 3. HP: 9/30 MP: 3/3
   294 | D:5      | Noticed an ogre
   300 | D:5      | Slain by an ogre

Vanquished Creatures
  A centaur zombie (D:5)
1 creature vanquished.

Table legend:
 A = Non-vault XP
 B = Vault XP
 C = Vault XP percentage of total XP
 D = Non-vault monster count
 E = Vault monster count
 F = Vault count percentage of total count
                 A         B        C        D         E       F
            +---------+---------+-------+---------+---------+-------
      Total |      42 |       0 |   0.0 |       1 |       0 |   0.0
            +---------+---------+-------+---------+---------+-------
        D:5 |      42 |       0 |   0.0 |       1 |       0 |   0.0
            +---------+---------+-------+---------+---------+-------

Illustrated notes

Table legend:
 A = Kills in this place as a percentage of kills in entire the game.
 B = Kills by you in this place as a percentage of kills by you in the entire game.
 C = Kills by friends in this place as a percentage of kills by friends in the entire game.
 D = Other kills in this place as a percentage of other kills in the entire game.
 E = Experience gained in this place as a percentage of experience gained in the entire game.
 F = Experience gained in this place divided by the number of levels of this place that you have seen.
                   A       B       C       D       E      F
               +-------+-------+-------+-------+-------+----------------------
         Total | 100.0 | 100.0 |   N/A |   N/A | 100.0 |  42.0
       Dungeon | 100.0 | 100.0 |   N/A |   N/A | 100.0 |  42.0
               +-------+-------+-------+-------+-------+----------------------

Table legend: (Time is in decaauts)
 A = Elapsed time spent in this place.
 B = Non-inter-level travel time spent in this place.
 C = Inter-level travel time spent in this place.
 D = Time resting spent in this place.
 E = Time spent auto-exploring this place.
 F = Levels seen in this place.
 G = Mean time per level.
                   A        B        C        D        E       F      G
               +--------+--------+--------+--------+--------+-----+--------+
         Total |    302 |    302 |      0 |      0 |    276 |   1 |  302.0 |
       Dungeon |    302 |    302 |      0 |      0 |    276 |   1 |  302.0 |
               +--------+--------+--------+--------+--------+-----+--------+

Top non-repeatable levels by time:
     D:5: 302 daAuts
